 Dungeon Crawl Stone Soup version 0.30-a0-414-gcb316572d5 (webtiles) character file.

Game seed: 653404173228623276

12969 greasedhog the Basher (level 11, 0/105 HPs)
             Began as an Armataur Fighter on Dec 7, 2022.
             Was a High Priest of Okawaru.
             Slain by a troll (10 damage)
             ... on level 1 of the Orcish Mines.
             The game lasted 00:23:05 (13413 turns).

greasedhog the Basher (Armataur Fighter)           Turns: 13413, Time: 00:23:05

Health: 0/105      AC:  8    Str: 25    XL:     11   Next: 69%
Magic:  16/16      EV:  8    Int:  9    God:    Okawaru [*****.]
Gold:   802        SH:  5    Dex: 16    Spells: 10/10 levels left

rFire   . . .      SeeInvis .    y - +1 whip (elec)
rCold   . . .      Faith    .    c - +0 buckler
rNeg    + . .      Spirit   .    b - +0 troll leather armour
rPois   .          Reflect  .    u - +0 helmet
rElec   .          Harm     .    (no cloak)
rCorr   .          Roll     +    (no gloves)
Will    .....                    (no barding)
Stlth   +.........               (no amulet)
HPRegen 1.17/turn                d - ring of positive energy
MPRegen 0.15/turn                C - +6 ring of dexterity

@: marked, studying Fighting
A: large, rugged brown scales 3, deformed body, armoured tail, roll, long
tongue, awkward tongue
a: Renounce Religion, Heroism, Finesse, Duel


You were on level 1 of the Orcish Mines.
You worshipped Okawaru.
Okawaru was extremely pleased with you.
You visited 2 branches of the dungeon, and saw 11 of its levels.
You also visited: Ossuary.

You collected 816 gold pieces.
You spent 14 gold pieces at shops.

Inventory:

Hand Weapons
 y - a +1 whip of electrocution (weapon)
Armour
 b - a +0 troll leather armour (worn)
 c - a +0 buckler (worn)
 u - a +0 helmet (worn)
 E - a +0 plate armour
Jewellery
 d - a ring of positive energy (left hand)
 m - a ring of fire
 w - an amulet of guardian spirit
 B - a ring of ice
 C - a +6 ring of dexterity (right hand)
Wands
 e - a wand of polymorph (4)
 t - a wand of iceblast (13)
 F - a wand of light (1)
Scrolls
 g - 5 scrolls of immolation
 h - 3 scrolls of blinking
 j - 3 scrolls of fear
 k - a scroll of brand weapon
 n - 3 scrolls of fog
 o - 2 scrolls of teleportation
 p - 2 scrolls of enchant weapon
 r - a scroll of magic mapping
 s - 4 scrolls of enchant armour
Potions
 a - 2 potions of curing
 f - 3 potions of brilliance
 i - 8 potions of lignification
 l - 3 potions of flight
 q - 2 potions of magic
 v - a potion of attraction
 x - 4 potions of haste
 z - a potion of might
 D - a potion of heal wounds


   Skills:
 - Level 10.0 Fighting
 * Level 11.4 Maces & Flails
 * Level 9.4 Armour
 - Level 3.2 Shields
 + Level 7.1 Invocations


You had 10 spell levels left.
You didn't know any spells.
Your spell library contained the following spells:

 Spells                   Type           Power      Damage    Failure   Level
 Magic Dart               Conj           0%         1d3       50%         1
 Ensorcelled Hibernation  Hex/Ice        0%         N/A       63%         2
 Passwall                 Tmut/Erth      0%         N/A       63%         2
 Frozen Ramparts          Ice            0%         1d1       86%         3
 Hailstorm                Conj/Ice       0%         3d3       86%         3
 Stone Arrow              Conj/Erth      0%         3d7       86%         3
 Swiftness                Air            0%         N/A       86%         3
 Ice Form                 Ice/Tmut       0%         N/A       99%         4
 Orb of Destruction       Conj           0%         9d5       100%        7
 Fire Storm               Conj/Fire      0%         5d1       100%        9
 Summon Guardian Golem    Hex/Summ       Unusable   N/A       N/A         3
 Summon Ice Beast         Ice/Summ       Unusable   N/A       N/A         4
 Simulacrum               Ice/Necr       Unusable   N/A       N/A         6
 Monstrous Menagerie      Summ           Unusable   N/A       N/A         7
 Spellforged Servitor     Conj/Summ      Unusable   N/A       N/A         7

Dungeon Overview and Level Annotations

Branches:
Dungeon (10/15)            Temple (0/1) D:7            Lair (0/5) D:10
    Orc (1/2) D:9         Ossuary (visited)

Altars:
Gozag
Kikubaaqudgha
Okawaru
Qazlal
Ru
Sif Muna
Vehumet
The Shining One

Shops:
D:3 !   D:4 (   D:6 *   Orc:1 *


Innate Abilities, Weirdness & Mutations

You are completely covered in rugged brown scales. (AC +3, +7% HP)
Armour fits poorly on your strangely shaped body.
You have a long armoured tail.
You roll when moving toward enemies. (Rampage)
Your long tongue fully drains potion bottles. (2x potion effects)
Your tongue gives you trouble enunciating. (1.5x scroll delay)


Message History

The orc wizard casts a spell at you.
You easily resist.
The troll barely misses you. The troll closely misses you. x2
You closely miss the troll.
The troll is heavily wounded.
An orc comes into view. It is wielding a +0 flail.
The orc hits you with a +0 club.
The orc wizard hits you but does no damage.
The troll bites you. The troll claws you but does no damage.
You block the troll's attack.
The orc wizard attacks as you move away!
The orc wizard hits you but does no damage.
The orc attacks as you move away! The orc hits you but does no damage.
The troll attacks as you move away! The troll barely misses you.
The troll closely misses you. The troll claws you.
The orc warrior barely misses you.
The orc wizard casts a spell.
The orc wizard flickers and vanishes!
Deactivating autopickup; reactivate with Ctrl-A.
The orc attacks as you move away! The orc hits you but does no damage.
The orc warrior closely misses you.
You hear some strange, mumbled words.
Something tries to affect you, but you resist.
The troll attacks as you move away! The troll bites you but does no damage.
The troll claws you. The troll claws you but does no damage.
The orc attacks as you move away! You block the orc's attack.
The troll attacks as you move away! The troll barely misses you.
You block the troll's attack. The troll closely misses you.
The troll attacks as you move away! The troll bites you. The troll claws you.
The troll claws you! The troll attacks as you move away! The troll bites you!
* * * LOW HITPOINT WARNING * * *
The troll claws you.
* * * LOW HITPOINT WARNING * * *
The troll claws you!
* * * LOW HITPOINT WARNING * * *
The troll attacks as you move away! You block the troll's attack.
The troll closely misses you. The troll claws you!
* * * LOW HITPOINT WARNING * * *
The troll attacks as you move away! The troll bites you!
You die...

.## #........#....o.. ##
## ##......##....... ##
##^# #.......# ###..$.
.####...####......####
.#..
..#.#..###.......o.#.##
#.#
.......##......#.o....##
..#.#.###....#.##......#
..#.##.#.......>#T.....#
##......#..>.#.#@......#
..#.##.##.......)....###
..######.............#
.## ##.##.......### ##
####......## ##....##
##...# ##.## ###


You could see a troll and 2 orcs.

Vanquished Creatures
  A centaur warrior (D:10)
  Pikel (D:4)
  An orc knight (Orc:1)
  An unseen horror (D:9)
  A hornet (D:10)
  2 trolls (D:10)
  Grinder (D:5)
  Eustachio (D:6)
  3 wraiths
  24 yaks
  2 steam dragons (D:9)
  Menkaure (D:7)
  3 wargs
  2 water moccasins
  6 orc warriors
  2 ice beasts
  3 sky beasts
  3 ogres
  5 wolves (D:10)
  3 centaurs
  Blork the orc (D:6)
  3 kobold brigands
  7 bullfrogs
  3 gnoll sergeants
  A necrophage (D:6)
  5 scorpions
  11 wights
  6 killer bees
  3 howler monkeys (D:7)
  3 electric eels (D:10)
  7 hounds
  3 jellies
  2 orc priests
  2 gnoll boudas
  2 iguanas
  13 orc wizards
  4 mummies
  23 gnolls
  6 adders
  A shadow imp (D:6)
  3 white imps
  An ufetubus (D:7)
  5 dart slugs
  45 orcs
  9 ball pythons
  9 bats
  6 endoplasms
  8 giant cockroaches
  A gnoll zombie (Ossuary)
  11 goblins
  14 hobgoblins
  3 jackals (D:1)
  15 kobolds
  3 frilled lizards
  3 goblin zombies (Ossuary)
  2 hobgoblin zombies (Ossuary)
  6 kobold zombies (Ossuary)
  An orc zombie (Ossuary)
317 creatures vanquished.

Vanquished Creatures (others)
  A yak (D:10)
1 creature vanquished.

Grand Total: 318 creatures vanquished

Notes
Turn   | Place    | Note
-------+----------+-------------------------------------------
     0 | D:1      | greasedhog the Armataur Fighter began the quest for the
                  | Orb.
     0 | D:1      | Reached XP level 1. HP: 19/19 MP: 1/1
   102 | D:1      | Reached skill level 2 in Maces & Flails
   104 | D:1      | Reached XP level 2. HP: 19/26 MP: 2/2
   305 | D:1      | Reached XP level 3. HP: 29/33 MP: 3/3
  1563 | D:3      | Found an opulent altar of Gozag.
  1730 | D:3      | Found a faded altar of an unknown god.
  1771 | D:3      | Found Ygir Ewe's Distillery.
  1780 | D:3      | Bought a potion of degeneration for 14 gold pieces
  1885 | D:3      | Reached XP level 4. HP: 20/40 MP: 4/4
  2161 | D:3      | Reached skill level 3 in Maces & Flails
  2516 | D:4      | Reached skill level 5 in Armour
  2516 | D:4      | Reached XP level 5. HP: 48/49 MP: 5/5
  2932 | D:4      | Reached XP level 6. HP: 55/55 MP: 6/6
  2990 | D:4      | Reached skill level 4 in Maces & Flails
  3125 | D:4      | Found Roxt's Antique Weapon Boutique.
  3174 | D:4      | Noticed Pikel
  3183 | D:4      | Killed Pikel
  3184 | D:4      | Reached skill level 5 in Fighting
  3184 | D:4      | Reached skill level 5 in Maces & Flails
  3184 | D:4      | Reached XP level 7. HP: 31/66 MP: 7/7
  3412 | D:4      | Found a stormy altar of Qazlal.
  3599 | D:5      | Entered Level 5 of the Dungeon
  3599 | D:5      | Noticed Grinder
  3616 | D:5      | Paralysed by Grinder for 4 turns
  3642 | D:5      | Killed Grinder
  3864 | D:5      | Reached XP level 8. HP: 72/74 MP: 8/8
  3960 | D:5      | Reached skill level 6 in Maces & Flails
  4180 | D:5      | Found an iron altar of Okawaru.
  4324 | D:5      | Became a worshipper of Warmaster Okawaru
  4730 | D:5      | Found a sacrificial altar of Ru.
  5134 | D:6      | Reached skill level 1 in Invocations
  5363 | D:6      | Found Ashuhedgh's Assorted Antiques.
  5379 | D:6      | Noticed Eustachio
  5432 | D:6      | Killed Eustachio
  5433 | D:6      | Reached skill level 7 in Maces & Flails
  5570 | D:6      | Reached * piety under Okawaru
  5662 | D:6      | Found a glowing golden altar of the Shining One.
  5811 | D:6      | Reached XP level 9. HP: 51/85 MP: 10/10
  5948 | D:6      | Noticed Blork the orc
  5954 | D:6      | Killed Blork the orc
  6720 | D:6      | Reached ** piety under Okawaru
  7025 | D:7      | Noticed Menkaure
  7031 | D:7      | Killed Menkaure
  7032 | D:7      | Reached skill level 8 in Maces & Flails
  7455 | D:7      | Found a staircase to the Ecumenical Temple.
  7934 | D:8      | Found a sand-covered staircase.
  7945 | Ossuary  | Entered an ossuary
  8221 | Ossuary  | Reached XP level 10. HP: 81/97 MP: 13/13
  8760 | D:8      | Found a shimmering blue altar of Sif Muna.
  8761 | D:8      | Found an ancient bone altar of Kikubaaqudgha.
  8762 | D:8      | Found a radiant altar of Vehumet.
  8767 | D:8      | Got Vehumet's Opusculum on Striking
  8914 | D:9      | Reached skill level 9 in Maces & Flails
  8915 | D:9      | Found a staircase to the Orcish Mines.
  8935 | D:9      | Reached *** piety under Okawaru
  9256 | D:9      | Identified the +8 dagger of the Puckish God {flame, rPois
                  | rC- Will- Dex+7}
  9297 | D:9      | Reached skill level 5 in Invocations
  9630 | D:9      | Reached **** piety under Okawaru
  9768 | D:9      | Reached skill level 10 in Fighting
  9915 | D:9      | Identified a scroll of acquirement
  9916 | D:9      | Acquired a manual of Fighting
  9979 | D:8      | HP: 4/97 [wight/+3 morningstar of freezing (6)]
 10428 | D:8      | Reached skill level 10 in Maces & Flails
 10714 | D:9      | Got Hamosuk's Quarto of Creation and Hurting
 11008 | D:10     | Entered Level 10 of the Dungeon
 11269 | D:9      | Received a gift from Okawaru
 11275 | D:9      | Reached XP level 11. HP: 19/105 MP: 12/15
 11556 | D:10     | Found a staircase to the Lair.
 11592 | D:10     | Noticed a centaur warrior
 11638 | D:10     | Killed a centaur warrior
 12057 | D:10     | Paralysed by a hornet for 1 turns
 12097 | D:10     | Upgraded the game from 0.30-a0-394-g3e4acdb0ae to
                  | 0.30-a0-414-gcb316572d5
 12337 | D:10     | Reached skill level 11 in Maces & Flails
 13055 | Orc:1    | Entered Level 1 of the Orcish Mines
 13107 | Orc:1    | Found Naimuzin's Gadget Gallery.
 13115 | Orc:1    | Noticed an orc knight
 13134 | Orc:1    | Killed an orc knight
 13244 | Orc:1    | Reached ***** piety under Okawaru
 13413 | Orc:1    | Slain by a troll

Illustrated notes

Levels and vault maps discovered:
D:1:      dpeg_arrival_water_fire, layout_rooms
D:2:      layout_basic
D:3:      layout_basic, grunt_gozag_statues, serial_shops, shop,
          hellmonk_ecumenical_altar_crossroads, minmay_misc_feat_encased,
          minivault_27, chequers_serial_rivers_small_b
D:4:      layout_gridville, kennysheep_little_box, serial_shops, shop,
          uniq_pikel
D:5:      layout_basic, mainiacjoe_overflow_six_doors_small, lemuel_tele_altar,
          uniq_grinder
D:6:      layout_gridville, tso_oasis_becter, serial_shops,
          nicolae_shop_advertising_works [nicolae_subvault_shop_adworks],
          uniq_eustachio, uniq_blork_the_orc
D:7:      layout_basic, minmay_temple_entry_hall, uniq_menkaure
D:8:      layout_loops_ring, grunt_temple_overflow_magic_moments,
          gup_ossuary_entry_pyramid, serial_glass, glass_columns_a,
          glass_columns_a, due_unseen_surprise, minmay_strange_pillars,
          hangedman_decor_points
D:9:      layout_cave_pools, erik_orc_3, enter_bailey_3
D:10:     layout_gridville, erik_lair_island, billiards_dpeg
Orc:1:    layout_diamond_mine, serial_shops, nicolae_shop_hallway_stairs,
          nicolae_shop_gadgets

Skill      XL: |  1  2  3  4  5  6  7  8  9 10 11 |
---------------+----------------------------------+-----
Maces & Flails | 2 3 5 7 8 10 11 | 11.4
Armour         | 4 5 6 9 |  9.4
Fighting       | 3 4 5 6 7 9 10 | 10.0
Invocations    | 2 4 6 7 |  7.1
Shields        | |  3.2

Action                   |  1- 3 |  4- 6 |  7- 9 | 10-12 || total
-------------------------+-------+-------+-------+-------++-------
Melee: Flail             |   146 |   111 |       |       ||   257
       Tailslap          |    14 |    11 |    92 |   104 ||   221
       Whip              |       |       |   511 |   641 ||  1152
Invok: Heroism           |       |       |     1 |     9 ||    10
       Finesse           |       |       |       |     5 ||     5
Evoke: Wand              |       |       |     2 |     5 ||     7
  Use: Scroll            |     4 |       |     5 |    16 ||    25
       Potion            |       |     2 |     1 |     4 ||     7
 Stab: Invisible         |       |       |     1 |     2 ||     3
Armor: Scale mail        |   125 |    49 |   130 |       ||   304
       Skin              |       |     1 |       |       ||     1
       Chain mail        |       |       |    96 |    34 ||   130
       Plate armour      |       |       |       |   111 ||   111
       Troll leather arm |       |       |       |    57 ||    57
Dodge: Dodged            |    63 |    33 |   112 |   148 ||   356
Block: Buckler           |    30 |    21 |    85 |   104 ||   240

Table legend: (Time is in decaauts)
 A = Elapsed time spent in this place.
 B = Non-inter-level travel time spent in this place.
 C = Inter-level travel time spent in this place.
 D = Time resting spent in this place.
 E = Time spent auto-exploring this place.
 F = Levels seen in this place.
 G = Mean time per level.
                   A        B        C        D        E       F      G
               +--------+--------+--------+--------+--------+-----+--------+
         Total |  13121 |  12556 |    565 |   2319 |   7753 |  12 | 1093.4 |
       Dungeon |  12317 |  11753 |    564 |   2301 |   7142 |  10 | 1231.7 |
  Orcish Mines |    317 |    317 |      0 |     18 |    214 |   1 |  317.0 |
       Ossuary |    486 |    486 |      0 |      0 |    397 |   1 |  486.0 |
               +--------+--------+--------+--------+--------+-----+--------+

Top non-repeatable levels by time:
     D:9: 1994 daAuts
     D:6: 1773 daAuts
     D:4: 1421 daAuts
     D:8: 1393 daAuts
    D:10: 1358 daAuts
     D:5: 1214 daAuts
     D:3: 977 daAuts
     D:2: 847 daAuts
     D:1: 685 daAuts
     D:7: 650 daAuts
 Ossuary: 486 daAuts
   Orc:1: 317 daAuts
